 Dungeon Crawl Stone Soup version 0.30-a0-1074-g5db6f66fbb (webtiles) character file.

Game seed: 5516499895684525812

23648 bobo the Fighter (level 12, -1/128 HPs)
             Began as a White Draconian Transmuter on Apr 12, 2023.
             Was a Priest of Wu Jian.
             Slain by a boulder beetle (19 damage)
             ... on level 11 of the Dungeon on Apr 14, 2023.
             The game lasted 00:54:58 (13510 turns).

bobo the Fighter (White Draconian Transmuter)      Turns: 13510, Time: 00:54:58

Health: -1/128     AC:  9    Str: 12    XL:     12   Next: 73%
Magic:  13/22      EV: 13    Int: 18    God:    Wu Jian [***...]
Gold:   1140       SH:  5    Dex: 13    Spells: 8/25 levels left

rFire   x . .      SeeInvis .      - Unarmed
rCold   + + +      Faith    .    (shield currently unavailable)
rNeg    . . .      Spirit   .    (body armour unavailable)
rPois   +          Reflect  +    (helmet currently unavailable)
rElec   .          Rampage  .    j - melded +0 cloak
rCorr   +                        b - melded +0 pair of gloves
Will    .....                    n - melded +2 pair of boots
Stlth   +                        i - amulet of reflection
HPRegen 0.41/turn                v - ring of resist corrosion
MPRegen 0.18/turn                (no ring)

@: about to teleport, ice-form
A: freezing attack, amphibious, boosted hp, (breathe frost), AC +8, large,
unfitting armour, (cold resistance 1), (cold-blooded)
a: End Transformation, Renounce Religion, Wall Jump, Serpent's Lash


You were on level 11 of the Dungeon.
You worshipped Wu Jian.
Wu Jian was most pleased with you.
You were a creature of crystalline ice.
You visited 3 branches of the dungeon, and saw 15 of its levels.

You collected 1154 gold pieces.
You spent 14 gold pieces at shops.

Inventory:

Armour
 b - a +0 pair of gloves (melded)
 j - a +0 cloak (melded)
 n - a +2 pair of boots (melded)
 F - a +0 kite shield
Jewellery
 i - an amulet of reflection (around neck)
 v - a ring of resist corrosion (left front paw)
 H - a +6 ring of intelligence
Wands
 d - a wand of roots (9)
 k - a wand of polymorph (10)
 p - a wand of flame (9) (quivered)
 x - a wand of light (23)
 G - a wand of charming (4)
Scrolls
 l - 3 scrolls of magic mapping
 o - 2 scrolls of fog
 q - 2 scrolls of blinking
 r - 3 scrolls of vulnerability
 s - 2 scrolls of enchant armour
 u - a scroll of fear
 w - a scroll of amnesia {unknown}
 y - 3 scrolls of teleportation
 A - 2 scrolls of noise {unknown}
 B - 2 scrolls of immolation {unknown}
 C - a scroll of acquirement {unknown}
 D - 4 scrolls of identify
Potions
 a - 4 potions of lignification
 c - a potion of berserk rage
 e - 7 potions of curing
 f - a potion of resistance
 g - 5 potions of brilliance
 h - 3 potions of magic
 m - 2 potions of flight
 t - a potion of mutation {unknown}
 z - 2 potions of attraction
 E - 2 potions of ambrosia {unknown}


   Skills:
 + Level 10.3 Fighting
 + Level 8.8 Dodging
 + Level 10.0 Unarmed Combat
 + Level 7.1 Spellcasting
 + Level 9.1 Transmutations
 - Level 7.0 Ice Magic
 + Level 6.7 Earth Magic


You had 8 spell levels left.
You knew the following spells:

 Your Spells              Type           Power      Damage    Failure   Level
a - Beastly Appendage     Tmut           78%        N/A       1%          1
d - Ice Form              Ice/Tmut       35%        N/A       3%          4
p - Petrify               Tmut/Erth      34%        N/A       4%          4
s - Statue Form           Tmut/Erth      22%        N/A       54%         6
z - Wereblood             Tmut           39%        N/A       1%          2

Your spell library contained the following spells:

 Spells                   Type           Power      Damage    Failure   Level
 Spider Form              Tmut/Pois      22%        N/A       4%          3
 Magic Dart               Conj           24%        1d4       11%         1
 Scorch                   Fire           12%        2d6       16%         2
 Searing Ray              Conj           12%        2d4       16%         2
 Static Discharge         Conj/Air       12%        2-3/arc   16%         2
 Sublimation of Blood     Necr           6%         N/A       16%         2
 Lee's Rapid Deconstruct  Erth           15%        3d10*     19%         5
 Leda's Liquefaction      Hex/Erth       9%         N/A       26%         4
 Volatile Blastmotes      Fire/Tloc      12%        2d11      32%         3
 Irradiate                Conj/Tmut      11%        3d15      41%         5
 Borgnjor's Vile Clutch   Necr/Erth      9%         N/A       58%         5
 Airstrike                Air            3%         2d(1-17)  71%         4
 Animate Dead             Necr           6%         N/A       71%         4
 Flame Wave               Conj/Fire      6%         2d5       71%         4
 Fulminant Prism          Conj/Hex       3%         3d5       71%         4
 Iskenderun's Mystic Bla  Conj/Tloc      6%         2d4       71%         4
 Summon Lightning Spire   Summ/Air       6%         N/A       71%         4
 Summon Forest            Summ/Tloc      3%         N/A       96%         5
 Summon Mana Viper        Hex/Summ       6%         N/A       96%         5
 Death Channel            Necr           3%         N/A       100%        6
 Summon Cactus Giant      Summ           3%         N/A       100%        6


Dungeon Overview and Level Annotations

Branches:
Dungeon (11/15)            Temple (1/1) D:7            Lair (3/5) D:10
  Swamp (0/4) Lair:2       Spider (0/4) Lair:2          Orc (0/2) D:11

Altars:
Dithmenos
Elyvilon
Hepliaklqana
Kikubaaqudgha
Makhleb
Nemelex Xobeh
Okawaru
Qazlal
Sif Muna
Trog
Uskayaw
Vehumet
Wu Jian
Xom
Yredelemnul
Zin
The Shining One

Shops:
D:2 *   D:6 =

Annotations:
D:10 2 transporters, KarmaKiller's ghost, journeyman DsGl


Innate Abilities, Weirdness & Mutations

You are a creature of crystalline ice.
You have a powerful freezing melee attack.
You are amphibious.
Your maximum health is increased.
Your armour is entirely melded.
You are incapable of wielding weapons or throwing items.
((You can breathe waves of freezing cold which knock back foes.))
((Your icy white scales are hard. (AC +8)))
You cannot fit into any form of body armour.
((Your flesh is cold resistant. (rC+)))
((You are cold-blooded and may be slowed by cold attacks.))


Message History

The boulder beetle is moderately wounded.
The boulder beetle barely misses you.
You catch the helpless boulder beetle completely off-guard!
You hit the boulder beetle but do no damage.
The boulder beetle is moderately wounded.
The boulder beetle stops moving altogether!
The helpless boulder beetle fails to defend itself.
You hit the boulder beetle but do no damage.
The boulder beetle is moderately wounded.
The helpless boulder beetle fails to defend itself.
You punch the boulder beetle! You freeze the boulder beetle.
The boulder beetle is heavily wounded.
You have got your breath back.
The helpless boulder beetle fails to defend itself.
You punch the boulder beetle! You freeze the boulder beetle.
The boulder beetle is heavily wounded.
The helpless boulder beetle fails to defend itself.
You hit the boulder beetle but do no damage.
The boulder beetle is heavily wounded.
The helpless boulder beetle fails to defend itself.
You hit the boulder beetle but do no damage.
The boulder beetle is heavily wounded.
The helpless boulder beetle fails to defend itself.
You hit the boulder beetle but do no damage.
The boulder beetle is heavily wounded.
The helpless boulder beetle fails to defend itself.
You hit the boulder beetle. You freeze the boulder beetle.
The boulder beetle is heavily wounded.
The helpless boulder beetle fails to defend itself.
You hit the boulder beetle but do no damage.
The boulder beetle is heavily wounded.
The boulder beetle is no longer petrified.
The boulder beetle curls into a ball and begins rolling!
The boulder beetle hits you!
* * * LOW HITPOINT WARNING * * *
The boulder beetle stops rolling and uncurls.
Okay, then.
As you read the scroll of teleportation, it crumbles to dust.
You feel strangely unstable. The boulder beetle bites you!!
You die...

###.######.>.....##
#......##.........###
#.......'.........'..
#....#.##.........##.
#...##.###.......###.
#..## # ##.....## #.
#..# # ##...## #.
#..###.# ##'## ##
#..BY..# #. ###°#####
. #..°..# #.....#
#........ #.....###.#
#)....# #######


You could see a boulder beetle.

Vanquished Creatures
  2 two-headed ogres
  3 death yaks
  A boulder beetle (Lair:1)
  Urug (D:10)
  A skyshark (Lair:1)
  A pharaoh ant (Lair:2)
  A manticore (D:11)
  An orc knight (D:11)
  3 elephants (Lair:3)
  A cyclops (D:11)
  A black mamba (Lair:3)
  Maurice (D:11)
  6 cane toads
  3 komodo dragons
  A kobold demonologist (D:11)
  2 rime drakes
  A jumping spider (Lair:2)
  A shadow (D:11)
  Sigmund (D:2)
  3 slime creatures (D:11)
  23 yaks
  A wraith (D:11)
  A vampire (D:11)
  4 wyverns
  2 redbacks (Lair:2)
  3 basilisks
  3 steam dragons
  3 acid dragons
  5 water moccasins
  4 ice beasts
  5 orc warriors
  A black bear (D:5)
  A sky beast (D:6)
  6 centaurs
  7 wolves
  A boggart (D:9)
  A phantom (D:5)
  2 kobold brigands
  Blork the orc (D:6)
  13 bullfrogs
  3 scorpions
  3 gnoll sergeants
  5 wights
  5 howler monkeys
  4 hounds
  3 jellies
  Crazy Yiuf (D:6)
  5 orc priests
  3 iguanas
  2 gnoll boudas
  Ijyb (D:5)
  4 orc wizards
  3 hell rats (Lair:1)
  18 gnolls
  10 adders
  6 river rats (Lair:1)
  A howler monkey simulacrum (D:9)
  An ufetubus (D:5)
  2 worms
  3 dart slugs
  38 orcs
  7 endoplasms
  3 giant cockroaches
  13 goblins
  8 hobgoblins
  6 jackals
  3 quokkas
  2 ball pythons (D:1)
  5 bats
  2 frilled lizards
  15 kobolds
  12 rats
319 creatures vanquished.

Vanquished Creatures (others)
  A black bear (D:6)
  An orc wizard (D:6)
  5 fungi
  31 plants
38 creatures vanquished.

Grand Total: 357 creatures vanquished

Notes
Turn   | Place    | Note
-------+----------+-------------------------------------------
     0 | D:1      | bobo the Draconian Transmuter began the quest for the Orb.
     0 | D:1      | Reached XP level 1. HP: 16/16 MP: 3/3
   150 | D:1      | Reached XP level 2. HP: 21/23 MP: 3/5
   194 | D:1      | Learned a level 2 spell: Wereblood
   524 | D:1      | Reached XP level 3. HP: 29/29 MP: 3/6
   951 | D:2      | Noticed Sigmund
   971 | D:2      | Killed Sigmund
   972 | D:2      | Reached XP level 4. HP: 24/38 MP: 7/7
   972 | D:2      | Reached XP level 5. HP: 28/45 MP: 8/8
   979 | D:2      | Learned a level 4 spell: Ice Form
  1270 | D:2      | Found Nekemny's General Store.
  1286 | D:2      | Bought a potion of degeneration for 14 gold pieces
  1378 | D:2      | Found a faded altar of an unknown god.
  1727 | D:3      | Found a stormy altar of Qazlal.
  1727 | D:3      | Found a shimmering altar of Xom.
  1937 | D:3      | Reached XP level 6. HP: 41/51 MP: 7/9
  2082 | D:3      | Reached skill level 1 in Ice Magic
  3136 | D:4      | Your scales start taking on an icy white colour.
  3136 | D:4      | Reached XP level 7. HP: 58/58 MP: 5/10
  3136 | D:4      | Gained mutation: Your flesh is cold resistant. (rC+) [White
                  | Draconian growth]
  3790 | D:5      | Entered Level 5 of the Dungeon
  3790 | D:5      | Noticed Ijyb
  3805 | D:5      | Killed Ijyb
  4398 | D:5      | Reached skill level 5 in Unarmed Combat
  4457 | D:5      | Found a bloodstained altar of Trog.
  4588 | D:5      | Reached XP level 8. HP: 67/67 MP: 5/12
  4686 | D:6      | Noticed Blork the orc
  4695 | D:6      | Found Japuoni's Jewellery Shoppe.
  4700 | D:6      | Killed Blork the orc
  4901 | D:6      | Found a runed translucent door.
  4902 | D:6      | Identified the +8 hammer "Afizxibb" {flame, *Slow Int+4
                  | SInv}
  4902 | D:6      | Noticed Crazy Yiuf
  4915 | D:6      | Killed Crazy Yiuf
  5187 | D:5      | Reached skill level 5 in Fighting
  5187 | D:5      | Reached skill level 5 in Transmutations
  5721 | D:6      | Reached skill level 5 in Dodging
  5721 | D:6      | Reached XP level 9. HP: 74/74 MP: 9/14
  5809 | D:6      | Found a shimmering blue altar of Sif Muna.
  5899 | D:7      | Reached skill level 5 in Ice Magic
  5925 | D:7      | Found a staircase to the Ecumenical Temple.
  5988 | D:7      | Found a glowing golden altar of the Shining One.
  6037 | Temple   | Entered the Ecumenical Temple
  6056 | Temple   | Became a worshipper of the Wu Jian Council
  6405 | D:7      | Found a glowing silver altar of Zin.
  6928 | D:8      | Reached * piety under Wu Jian
  7718 | D:9      | Noticed a two-headed ogre
  7724 | D:9      | Killed a two-headed ogre
  7725 | D:9      | Reached XP level 10. HP: 84/84 MP: 16/16
  7733 | D:9      | Learned a level 6 spell: Statue Form
  7958 | D:9      | Reached skill level 1 in Earth Magic
  8146 | D:10     | Entered Level 10 of the Dungeon
  8257 | D:9      | Found a hazy altar of Hepliaklqana.
  8292 | D:9      | Identified the +0 war axe of Seereesi {heavy, rElec rF+
                  | rCorr Dex+4}
  8435 | D:9      | Found a shadowy altar of Dithmenos.
  8456 | D:10     | Noticed a two-headed ogre
  8461 | D:10     | Noticed Urug
  8463 | D:10     | Killed a two-headed ogre
  8534 | D:10     | Killed Urug
  8538 | D:10     | Found a staircase to the Lair.
  8725 | D:10     | Found an iron altar of Okawaru.
  8825 | D:10     | Reached ** piety under Wu Jian
  8902 | D:10     | Found a transporter.
  9257 | D:10     | Noticed KarmaKiller's ghost (journeyman DsGl)
  9258 | D:10     | Found a transporter.
  9475 | Lair:1   | Entered Level 1 of the Lair of Beasts
  9475 | Lair:1   | You fall into a shaft and drop 1 floor!
  9493 | Lair:2   | Reached XP level 11. HP: 95/95 MP: 15/18
  9508 | Lair:2   | Reached skill level 5 in Spellcasting
 10056 | Lair:1   | Noticed a boulder beetle
 10072 | Lair:1   | Noticed a skyshark
 10078 | Lair:1   | Killed a boulder beetle
 10086 | Lair:1   | Killed a skyshark
 10781 | Lair:2   | Learned a level 4 spell: Petrify
 10781 | Lair:2   | Upgraded the game from 0.30-a0-1066-g63dfefce0d to
                  | 0.30-a0-1074-g5db6f66fbb
 10799 | Lair:2   | Found a staircase to the Swamp.
 10996 | Lair:2   | Reached *** piety under Wu Jian
 11242 | Lair:2   | Noticed a pharaoh ant
 11247 | Lair:2   | Killed a pharaoh ant
 11248 | Lair:2   | Reached skill level 5 in Earth Magic
 11301 | Lair:2   | Found a hole to the Spider Nest.
 11747 | Lair:3   | Reached XP level 12. HP: 105/105 MP: 17/21
 12050 | Lair:3   | Noticed a death yak
 12051 | Lair:3   | Noticed a death yak
 12075 | Lair:3   | Killed a death yak
 12099 | Lair:3   | Noticed a death yak
 12107 | Lair:3   | Noticed a death yak
 12459 | Lair:3   | Killed a death yak
 12459 | Lair:3   | Noticed a death yak
 12459 | Lair:3   | Noticed a death yak
 12481 | Lair:2   | Killed a death yak
 12482 | Lair:2   | Reached skill level 10 in Fighting
 12681 | D:11     | Noticed Maurice
 12702 | D:11     | Killed Maurice
 13310 | D:11     | Found a staircase to the Orcish Mines.
 13475 | D:11     | Noticed a boulder beetle
 13483 | D:11     | Reached skill level 10 in Unarmed Combat
 13510 | D:11     | Slain by a boulder beetle

Illustrated notes

Levels and vault maps discovered:
D:1:      dpeg_arrival_leaves_temple_mockup, layout_rooms
D:2:      layout_rooms, serial_shops, shop,
          hellmonk_ecumenical_altar_prayer_group, uniq_sigmund
D:3:      wad_lake_hut, layout_loops_ring, jmf_multi_god_temple
D:4:      minmay_evil_eye, layout_basic
D:5:      layout_basic, trog_butcher_becter, uniq_ijyb
D:6:      layout_rooms, mainiacjoe_overflow_chevrons, serial_shops,
          shop_fountains, uniq_crazy_yiuf_cottage, uniq_blork_the_orc
D:7:      layout_rooms, nicolae_tso_carved_into_rock,
          mainiacjoe_overflow_alcove_4, minmay_temple_entry_butterflies
D:8:      layout_basic
D:9:      layout_cave_pools, riverfiend_overflow_shadow_ancestor,
          minmay_checkerbox
D:10:     layout_cave_pods, okawaru_gym_becter, hellmonk_lair_entry_icy,
          gammafunk_ghost_stat_death, uniq_urug
D:11:     layout_loops_corners, orc_david_3, minmay_stone_trees_small,
          hangedman_decor_diamond_cutter, uniq_maurice
Temple:   compressed_dpeg_triangle_lava_temple
Lair:1:   layout_loops_ring, minmay_holes, kennysheep_abandoned_house
Lair:2:   layout_roguey, swamp_mist_pool, nicolae_spider_entry_lesser_pyramids
Lair:3:   layout_small_grid, hangedman_lair_unloving_vines, grunt_megastairs_4,
          serial_bayou_shore_b

Skill      XL: |  1  2  3  4  5  6  7  8  9 10 11 12 |
---------------+-------------------------------------+-----
Dodging        | 2 3 4 5 6 7 8 |  8.8
Fighting       | 3 4 5 6 8 9 10 | 10.3
Unarmed Combat | 4 5 6 7 8 9 10 | 10.0
Transmutations | 3 4 5 6 7 8 9 |  9.1
Ice Magic      | 2 3 4 6 7 |  7.0
Spellcasting   | 3 4 6 7 |  7.1
Earth Magic    | 3 5 6 |  6.7

Action                     |  1- 3 |  4- 6 |  7- 9 | 10-12 || total
---------------------------+-------+-------+-------+-------++-------
  Melee: Unarmed           |    80 |   146 |   255 |   501 ||   982
         Kick              |    16 |    31 |    20 |       ||    67
         Tailslap          |     7 |    18 |    12 |     9 ||    46
         Headbutt          |     8 |    19 |    16 |       ||    43
         Punch             |       |     4 |     3 |     3 ||    10
   Cast: Beastly Appendage |    20 |    28 |    20 |       ||    68
         Wereblood         |     5 |     9 |    13 |    12 ||    39
         Ice Form          |       |       |    23 |    44 ||    67
         Petrify           |       |       |       |     5 ||     5
 Invoke: Serpent's Lash    |       |       |       |    11 ||    11
Ability: End Transformatio |       |     1 |     1 |     6 ||     8
         Breathe Frost     |       |       |    12 |     6 ||    18
         Lunge             |       |       |    12 |    61 ||    73
         Whirlwind         |       |       |       |    78 ||    78
         Wall Jump         |       |       |       |    12 ||    12
  Evoke: Wand              |       |     4 |    20 |    11 ||    35
    Use: Scroll            |     5 |     3 |     2 |     9 ||    19
         Potion            |     1 |       |     2 |     4 ||     7
   Stab: Invisible         |       |       |       |    10 ||    10
         Petrified         |       |       |       |     9 ||     9
         Petrifying        |       |       |       |     2 ||     2
 Armour: Skin              |    20 |    43 |    64 |    80 ||   207
  Dodge: Dodged            |    46 |    76 |   122 |   181 ||   425
  Block: Other             |       |    23 |    45 |    66 ||   134
         Reflection        |       |       |     5 |     3 ||     8

Table legend: (Time is in decaauts)
 A = Elapsed time spent in this place.
 B = Non-inter-level travel time spent in this place.
 C = Inter-level travel time spent in this place.
 D = Time resting spent in this place.
 E = Time spent auto-exploring this place.
 F = Levels seen in this place.
 G = Mean time per level.
                   A        B        C        D        E       F      G
               +--------+--------+--------+--------+--------+-----+--------+
         Total |  13480 |  12888 |    592 |    641 |   9791 |  15 |  898.7 |
       Dungeon |  10379 |   9884 |    495 |    327 |   7637 |  11 |  943.5 |
        Temple |     35 |     20 |     15 |      0 |      9 |   1 |   35.0 |
          Lair |   3066 |   2985 |     81 |    314 |   2144 |   3 | 1022.0 |
               +--------+--------+--------+--------+--------+-----+--------+

Top non-repeatable levels by time:
     D:4: 1440 daAuts
  Lair:1: 1267 daAuts
     D:8: 1101 daAuts
  Lair:2: 1085 daAuts
     D:5: 1065 daAuts
    D:10: 1030 daAuts
     D:6: 999 daAuts
    D:11: 926 daAuts
     D:3: 920 daAuts
     D:7: 808 daAuts
     D:2: 728 daAuts
     D:1: 718 daAuts
  Lair:3: 713 daAuts
     D:9: 638 daAuts
  Temple: 35 daAuts
